 Dungeon Crawl Stone Soup version 0.21.1-1-g345015fe64 (webtiles) character file.

109 Jens78 the Chopper (level 4, -1/37 HPs)
             Began as a Demonspawn Berserker on June 11, 2018.
             Was a Believer of Trog.
             Slain by a worm (9 damage)
             ... on level 3 of the Dungeon.
             The game lasted 00:20:55 (1747 turns).

Jens78 the Chopper (Demonspawn Berserker)           Turns: 1747, Time: 00:20:55

Health: -1/37      AC:  5    Str: 18    XL:     4   Next: 59%
Magic:  4/4        EV: 12    Int:  8    God:    Trog [**....]
Gold:   103        SH:  0    Dex: 13    Spells: 3/3 levels left

rFire    . . .     SeeInvis .   a - +0 hand axe
rCold    . . .     Gourm    .   (no shield)
rNeg     . . .     Faith    .   b - +0 animal skin
rPois    .         Spirit   .   (no helmet)
rElec    .         Reflect  .   (no cloak)
rCorr    .         Harm     .   (no gloves)
MR       +++..                  o - +0 pair of boots
Stlth    ++........             (no amulet)
HPRegen  1.12/turn              i - ring of protection from magic
MPRegen  0.09/turn              (no ring)

@: regenerating
A: claws 1, iridescent scales 1, nightstalker 1
a: Berserk, Trog's Hand, Burn Spellbooks, Renounce Religion


You were on level 3 of the Dungeon.
You worshipped Trog.
Trog was pleased with you.
You were hungry.

You visited 1 branch of the dungeon, and saw 4 of its levels.

You collected 103 gold pieces.

Inventory:

Hand Weapons
 a - a +0 hand axe (weapon)
Missiles
 l - 112 stones (quivered)
 n - 52 arrows
Armour
 b - a +0 animal skin (worn)
 o - a +0 pair of boots (worn)
 p - a +0 chain mail
Jewellery
 i - a ring of protection from magic (left claw)
Scrolls
 d - 2 scrolls of teleportation {unknown}
 f - a scroll of enchant weapon {unknown}
 g - 2 scrolls of enchant armour {unknown}
 h - 2 scrolls of identify {unknown}
 j - a scroll of immolation {unknown}
 k - a scroll of remove curse {unknown}
 m - a scroll of magic mapping {unknown}
 r - 2 scrolls of amnesia {unknown}
 t - a scroll of fog {unknown}
Potions
 e - a potion of agility {unknown}
 s - a potion of degeneration {unknown}
 u - 2 potions of curing {unknown}
 v - a potion of brilliance {unknown}
 w - a potion of lignification {unknown}
 x - a potion of invisibility {unknown}
Comestibles
 c - 4 rations


   Skills:
 + Level 3.7 Fighting
 + Level 4.1 Axes
 + Level 2.0 Armour
 + Level 2.2 Dodging


You had 3 spell levels left.
You didn't know any spells.

Dungeon Overview and Level Annotations

Branches:
Dungeon (4/15)
 Temple: D:4-7

Altars:


Innate Abilities, Weirdness & Mutations

You have sharp fingernails.
You are partially covered in iridescent scales. (AC +2)
You are slightly more attuned to the shadows.


Message History

You hit the hobgoblin.
You kill the hobgoblin!
Trog accepts your kill. The worm bites you.
* * * LOW HITPOINT WARNING * * *
Things that are here:
a club; an adder corpse You completely miss the worm.
The worm is heavily wounded.
You feel sick.
You are no longer poisoned.
You barely miss the worm.
The worm is heavily wounded.
You are feeling hungry.
The worm bites you.
* * * LOW HITPOINT WARNING * * *
You hit the worm.
The worm is heavily wounded.
The worm bites you!
You die...

#.# .. ##.## ..
...# .# # ###
##..###.#.#
##.## #........
##...##
#...##.##.##
###.....##
#...%@w.....
.........#
#%.###.##.##
........## #..#
.#
..<....#####..#
.#
..............#
.#
.....########.#
.# ...### #.#
.# ...# .#
..... ?#


You could see a worm.

Vanquished Creatures
  3 gnolls (D:2)
  3 adders
  An ooze (D:1)
  2 dart slugs
  A leopard gecko (D:1)
  2 orcs (D:3)
  4 giant cockroaches
  5 goblins
  3 hobgoblins
  2 jackals (D:2)
  5 kobolds
  A ball python (D:3)
  3 bats
  5 frilled lizards
  2 rats
42 creatures vanquished.

Notes
Turn   | Place    | Note
-------+----------+-------------------------------------------
     0 | D:1      | Jens78 the Demonspawn Berserker began the quest for the Orb.
     0 | D:1      | Reached XP level 1. HP: 18/18 MP: 1/1
   215 | D:1      | Gained mutation: You are partially covered in iridescent scales. (AC +2) [demonic ancestry]
   215 | D:1      | Reached XP level 2. HP: 21/24 MP: 2/2
   269 | D:1      | Reached skill level 3 in Axes
   633 | D:1      | Gained mutation: You have sharp fingernails. [demonic ancestry]
   633 | D:1      | Reached XP level 3. HP: 18/29 MP: 3/3
   942 | D:2      | Reached ** piety under Trog
   956 | D:2      | Gained mutation: You are slightly more attuned to the shadows. [demonic ancestry]
   956 | D:2      | Reached XP level 4. HP: 36/36 MP: 4/4
  1325 | D:4      | Noticed a necrophage
  1338 | D:3      | Reached skill level 4 in Axes
  1747 | D:3      | Slain by a worm

Skill      XL: |  1  2  3  4 |
---------------+-------------+-----
Axes           | 3 4 |  4.1
Dodging        | 2 |  2.2
Armour         | 2 |  2.0
Fighting       | |  3.7

Action                   |  1- 3 |  4- 6 || total
-------------------------+-------+-------++-------
Melee: Hand axe          |    90 |    72 ||   162
Invok: Trog's Hand       |     1 |     1 ||     2
 Stab: Sleeping          |       |     2 ||     2
  Eat: Chunk             |       |     3 ||     3
Armor: Animal skin       |    13 |     7 ||    20
       Chain mail        |    43 |    25 ||    68
Dodge: Dodged            |    60 |    34 ||    94
